 Dungeon Crawl Stone Soup version 0.22.0 (webtiles) character file.

65 EngieLux the Grave Robber (level 3, -1/24 HPs)
             Began as a Demonspawn Necromancer on Aug 12, 2018.
             Slain by a worm (3 damage)
             ... on level 2 of the Dungeon.
             The game lasted 00:14:50 (2711 turns).

EngieLux the Grave Robber (Demonspawn Necromancer)  Turns: 2711, Time: 00:14:50

Health: -1/24      AC:  9    Str: 10    XL:     3   Next: 94%
Magic:  2/6        EV: 10    Int: 17    God:
Gold:   43         SH:  0    Dex: 13    Spells: 2/7 levels left

rFire    + . .     SeeInvis .   b - +0 dagger
rCold    + . .     Gourm    .   (no shield)
rNeg     . . .     Faith    .   i - +2 ring mail {rC+}
rPois    .         Spirit   .   (no helmet)
rElec    .         Reflect  .   (no cloak)
rCorr    .         Harm     .   (no gloves)
MR       .....     Clarity  +   f - +1 pair of boots
Stlth    +.........             (no amulet)
HPRegen  0.08/turn              (no ring)
MPRegen  0.10/turn              (no ring)

@: no status effects
A: claws 2, clarity, fire resistance 1, low mp 1, strong 1
a: no special abilities


You were on level 2 of the Dungeon.
You were hungry.

You visited 1 branch of the dungeon, and saw 2 of its levels.

You collected 43 gold pieces.

Inventory:

Hand Weapons
 b - a +0 dagger (weapon)
Armour
 f - a +1 pair of boots (worn)
 i - a +2 ring mail of cold resistance (worn)
Wands
 a - a wand of iceblast (6)
 d - a wand of flame (22)
Scrolls
 e - 2 scrolls of remove curse
 h - a scroll of enchant armour {unknown}
 j - a scroll of teleportation {unknown}
 k - a scroll of enchant weapon {unknown}
Potions
 g - a potion of haste
Comestibles
 c - 3 rations


   Skills:
 + Level 0.1 Fighting
 + Level 0.2 Short Blades
 + Level 0.1 Armour
 + Level 1.7 Dodging
 + Level 2.0 Stealth
 + Level 2.9 Spellcasting
 + Level 5.3 Necromancy


You had 2 spell levels left.
You knew the following spells:

 Your Spells              Type           Power        Failure   Level  Hunger
a - Pain                  Necr           ###.         5%          1    #......
b - Animate Skeleton      Necr           N/A          5%          1    #......
c - Vampiric Draining     Necr           ###.......   16%         3    ###....

Your spell library contained the following spells:

 Spells                   Type           Power        Failure   Level  Hunger
 Animate Dead             Necr           N/A          45%         4    #####..
 Regeneration             Chrm/Necr      ##........   43%         3    ###....


Dungeon Overview and Level Annotations

Branches:
Dungeon (2/15)

Altars:


Innate Abilities, Weirdness & Mutations

You have very sharp fingernails.
You possess an exceptional clarity of mind.
Your flesh is heat resistant. (rF+)
Your magical capacity is low. (-10% MP)
Your muscles are strong. (Str +2)


Message History

The worm writhes in agony!
The worm bites you!
Casting: Pain (safe; 5% risk of failure)
Confirm with . or Enter, or press ? or * to list all spells.
Aiming: Pain (safe; 5% risk of failure)
Press: ? - help, Shift-Dir - straight line, f/p - worm
Aim: a worm (severely wounded, chance to defeat MR: 85%)
The worm writhes in agony!
You hit the worm but do no damage.
The worm is almost dead.
The worm misses you.
You barely miss the worm.
The worm is almost dead.
You are feeling hungry.
You hit the worm.
The worm is almost dead.
The worm bites you!
* * * LOW HITPOINT WARNING * * *
You open the door. The worm bites you.
You die...

#.####.......##......#
#........# #.##.....<#
##.####.#.# #.##......#
#....<..#.###.##......#
#..#.....#.#.#.#.#....#
# ####..(............#
.....##.##'##.######
######..#...#..#
..#.+...@.##
###..#..w#..#
#.##'##.## .........
#.#.#.#.#. .. .# #....#
# #. .## # #. ## #


You could see a worm.

Vanquished Creatures
  An adder (D:2)
  4 worms (D:2)
  A dart slug (D:1)
  A leopard gecko (D:2)
  8 bats
  3 giant cockroaches (D:1)
  4 goblins (D:1)
  4 hobgoblins (D:1)
  4 jackals (D:2)
  4 frilled lizards (D:2)
  3 kobolds
  3 rats
40 creatures vanquished.

Notes
Turn   | Place    | Note
-------+----------+-------------------------------------------
     0 | D:1      | EngieLux the Demonspawn Necromancer began the quest for the Orb.
     0 | D:1      | Reached XP level 1. HP: 13/13 MP: 3/3
   247 | D:1      | Learned a level 1 spell: Animate Skeleton
   299 | D:1      | Gained mutation: You have sharp fingernails. [demonic ancestry]
   299 | D:1      | Reached XP level 2. HP: 14/19 MP: 0/5
   484 | D:1      | Gained mutation: Your magical capacity is low. (-10% MP) [potion of mutation]
   484 | D:1      | Gained mutation: Your muscles are strong. (Str +2) [potion of mutation]
   484 | D:1      | Gained mutation: Your flesh is heat resistant. (rF+) [potion of mutation]
   484 | D:1      | Gained mutation: You possess an exceptional clarity of mind. [potion of mutation]
   937 | D:1      | Reached skill level 5 in Necromancy
  1312 | D:2      | Gained mutation: You have very sharp fingernails. [demonic ancestry]
  1312 | D:2      | Reached XP level 3. HP: 17/24 MP: 0/6
  1550 | D:2      | Learned a level 3 spell: Vampiric Draining
  2711 | D:2      | Slain by a worm

Skill      XL: |  1  2 |
---------------+-------+-----
Stealth        | 2 |  2.0
Necromancy     | 5 |  5.3
Fighting       | |  0.1
Short Blades   | |  0.2
Armour         | |  0.1
Dodging        | |  1.7
Spellcasting   | |  2.9

Action                   || total
-------------------------++-------
Melee: Dagger            ||    47
       Unarmed           ||     1
 Cast: Pain              ||    92
       Animate Skeleton  ||    10
       Vampiric Draining ||     1
Evoke: Wand              ||     1
  Use: Scroll            ||     6
       Potion            ||     4
 Stab: Sleeping          ||     1
  Eat: Chunk             ||     6
Armor: Robe              ||     1
       Ring mail         ||    23
Dodge: Dodged            ||    39
